 Dungeon Crawl Stone Soup version 0.26.0-45-g9c1d065592 (webtiles) character file.

Game seed: 6649657501883664858

(classic levelgen) 102 thiole the Stinger (level 4, -5/29 HPs)
             Began as an Octopode Venom Mage on Jan 30, 2021.
             Slain by a worm (8 damage)
             ... on level 4 of the Dungeon.
             The game lasted 00:02:19 (3821 turns).

thiole the Stinger (Octopode Venom Mage)            Turns: 3821, Time: 00:02:20

Health: -5/29      AC:  1    Str:  7    XL:     4   Next: 78%
Magic:  0/7        EV: 11    Int: 24    God:
Gold:   168        SH:  9    Dex: 12    Spells: 7/8 levels left

rFire    . . .     SeeInvis .   (no weapon)
rCold    . . .     Faith    .   i - +2 kite shield
rNeg     . . .     Spirit   .   (helmet restricted)
rPois    .         Reflect  .   (no amulet)
rElec    .         Harm     .   c - +6 ring of intelligence
rCorr    .         Rampage  .   (no ring)
Will     .....                  (no ring)
Stlth    +++.......             (no ring)
HPRegen  0.09/turn              (no ring)
MPRegen  0.10/turn              (no ring)
                                (no ring)
                                (no ring)

@: no status effects
A: almost no armour, stealthy swim, amphibious, 8 rings, constrict 8, camouflage
1, gelatinous body 1
a: no special abilities


You were on level 4 of the Dungeon.
You visited 1 branch of the dungeon, and saw 4 of its levels.

You collected 168 gold pieces.

Inventory:

Armour
 i - a +2 kite shield (worn)
Jewellery
 c - a +6 ring of intelligence (left tentacle)
 s - a cursed ring of teleportation {unknown}
Wands
 l - a wand of random effects (54)
Scrolls
 a - 3 scrolls of teleportation
 b - 4 scrolls of identify {unknown}
 d - a scroll of enchant weapon {unknown}
 f - a scroll of noise {unknown}
 h - a scroll of enchant armour {unknown}
 m - a scroll of blinking {unknown}
 n - a scroll of amnesia {unknown}
 p - a scroll of remove curse {unknown}
 t - a scroll of fear {unknown}
Potions
 e - a potion of flight {unknown}
 g - a potion of lignification {unknown}
 j - 2 potions of curing {unknown}
 k - a potion of resistance {unknown}
 o - a potion of attraction {unknown}
 q - 2 potions of heal wounds {unknown}
 r - a potion of berserk rage {unknown}
 u - a potion of haste {unknown}


   Skills:
 - Level 2.0 Fighting
 - Level 2.0 Dodging
 - Level 2.6 Stealth
 * Level 2.6 Shields
 + Level 2.6 Spellcasting
 - Level 1.0 Transmutations
 - Level 4.0 Poison Magic


You had 7 spell levels left.
You knew the following spells:

 Your Spells              Type           Power        Failure   Level
a - Sting                 Tmut/Pois      60%          21%         1

Your spell library contained the following spells:

 Spells                   Type           Power        Failure   Level
 Poisonous Vapours        Pois/Air       24%          36%         2
 Ignite Poison            Fire/Tmut/Pois 11%          65%         3
 Mephitic Cloud           Conj/Pois/Air  9%           69%         3
 Olgreb's Toxic Radiance  Pois           22%          73%         4


Dungeon Overview and Level Annotations

Branches:
Dungeon (4/15)
 Temple: D:4-7

Altars:
Kikubaaqudgha
Qazlal
Xom
Zin

Annotations:
D:4 Menkaure


Innate Abilities, Weirdness & Mutations

You cannot wear most types of armour.
You are very stealthy in the water. (Stealth+)
You are amphibious.
You can wear up to eight rings at the same time.
You can use your tentacles to constrict eight enemies at once.
Your skin changes colour to match your surroundings (Stealth+).
Your rubbery body absorbs attacks. (AC +1, EV +1)


Message History

You block the iguana's attack.
Casting: Sting (safe; 21% risk of failure)
Confirm with . or Enter, or press ? or * to list all spells.
Aiming: Sting (safe; 21% risk of failure)
Press: ? - help, Shift-Dir - straight line, f/p - iguana
Aim: an iguana (moderately wounded, very poisoned, 23% to evade)
The sting hits the iguana.
The iguana looks even sicker.
The iguana is heavily wounded.
The iguana bites you.
You are too injured to fight recklessly!
You are too injured to fight recklessly!
Casting: Sting (safe; 21% risk of failure)
Confirm with . or Enter, or press ? or * to list all spells.
You don't have enough magic to cast that spell.
You barely miss the iguana. Your grab misses the iguana.
The iguana is severely wounded.
The iguana bites you! x2
* * * LOW HITPOINT WARNING * * *
The worm bites you!
You die...

#. #....#.#.##.....
#.##..#.#.#.##.....
#.###.#.......#.##.....
................#...# #
.#..####.#.#........
#.# #.............###..
.#...#..######.....#
#..
...................#
#..
.#....l@....###....#
#..
......w).#..$......#
#..
(.#..(...#..####....
... #....#.#.# .# #####
##. #....#. .. # #
#....#. ... #..w #. ...
#.. .. ....


You could see a worm and an iguana (very poisoned).

Vanquished Creatures
  An orc wizard (D:4)
  2 adders
  A dart slug (D:1)
  3 leopard geckos
  5 orcs
  4 giant cockroaches
  8 goblins
  4 hobgoblins
  3 jackals (D:1)
  5 kobolds
  A quokka (D:3)
  A bat (D:1)
  2 frilled lizards
  7 rats
47 creatures vanquished.

Notes
Turn   | Place    | Note
-------+----------+-------------------------------------------
     0 | D:1      | thiole the Octopode Venom Mage began the quest for the Orb.
     0 | D:1      | Reached XP level 1. HP: 11/11 MP: 3/3
   181 | D:1      | Reached skill level 4 in Poison Magic
   558 | D:1      | Reached skill level 1 in Fighting
   558 | D:1      | Reached XP level 2. HP: 18/18 MP: 1/5
  1319 | D:2      | Reached XP level 3. HP: 24/24 MP: 0/6
  1420 | D:2      | Reached skill level 1 in Shields
  1949 | D:2      | Found an ancient bone altar of Kikubaaqudgha.
  1950 | D:2      | Found a shimmering altar of Xom.
  2049 | D:2      | Found a stormy altar of Qazlal.
  2444 | D:3      | Found a glowing silver altar of Zin.
  3094 | D:3      | Reached XP level 4. HP: 29/29 MP: 5/7
  3569 | D:4      | Noticed Menkaure
  3821 | D:4      | Slain by a worm

Illustrated notes

Levels and vault maps discovered:
D:1:      dpeg_arrival_round_a, layout_rooms
D:2:      layout_loops_ring, grunt_temple_overflow_open, serial_forest,
          infiniplex_forest_corner_2, infiniplex_forest_straight_4,
          infiniplex_forest_straight_5, infiniplex_forest_straight_3
D:3:      layout_basic, zin_scriptorium, minmay_crystal_room,
          serial_bayou_crossing
D:4:      layout_basic, hangedman_decor_push, uniq_menkaure

Skill      XL: |  1  2  3  4 |
---------------+-------------+-----
Poison Magic   | 4 |  4.0
Fighting       | 1 2 |  2.0
Shields        | 1 2 |  2.6
Dodging        | |  2.0
Stealth        | |  2.6
Spellcasting   | |  2.6
Transmutations | |  1.0

Action                   |  1- 3 |  4- 6 || total
-------------------------+-------+-------++-------
Melee: Unarmed           |    36 |    12 ||    48
       Tentacles         |     9 |     3 ||    12
       Constrict         |    11 |     3 ||    14
 Cast: Sting             |    62 |    23 ||    85
  Use: Scroll            |     1 |       ||     1
Armor: Skin              |     2 |       ||     2
Dodge: Dodged            |    30 |    11 ||    41
Block: Kite shield       |    16 |    10 ||    26
